 Dungeon Crawl Stone Soup version 0.18.1-8-gdd0e5ea (webtiles) character file.

3516 nikopol the Cleaver (level 9, -9/123 HPs)
             Began as a Minotaur Berserker on May 28, 2016.
             Was a High Priest of Trog.
             Mangled by an orc warrior
             ... wielding a +0 halberd
              (13 damage)
             ... on level 9 of the Dungeon on May 29, 2016.
             The game lasted 00:24:39 (6446 turns).

nikopol the Cleaver (Minotaur Berserker)            Turns: 6446, Time: 00:24:40

Health: -9/123     AC: 10    Str: 28    XL:     9   Next: 81%
Magic:  8/8        EV: 17    Int:  4    God:    Trog [*****.]
Gold:   534        SH:  0    Dex: 15    Spells: 0 memorised, 8 levels left

rFire  . . .     SeeInvis .     s - +2 hand axe (chop)
rCold  . . .     Gourm    +     t - +0 scale mail
rNeg   . . .     Faith    .     (no shield)
rPois  .         Spirit   .     (helmet restricted)
rElec  .         Dismiss  .     (no cloak)
rCorr  .         Reflect  .     L - +0 pair of gloves
SustAt .         Harm     .     O - +0 pair of boots
MR     .....                    r - amulet of the gourmand
Stlth  ..........               w - +3 ring of dexterity
                                o - +3 ring of evasion

@: berserking, very quick, not resistant to hostile enchantments, extremely
unstealthy
A: retaliatory headbutt, horns 2
a: Berserk, Trog's Hand, Brothers in Arms, Burn Spellbooks, Renounce Religion


You were on level 9 of the Dungeon.
You worshipped Trog.
Trog was extremely pleased with you.
You were very full.

You visited 1 branch of the dungeon, and saw 9 of its levels.

You collected 534 gold pieces.

Inventory:

Hand Weapons
 a - a +0 spear
 s - a +2 hand axe of chopping (weapon)
 y - a +2 hand axe of flaming
 D - a +0 shortbow
Missiles
 g - 291 arrows (quivered)
Armour
 b - a +0 animal skin
 i - a +0 leather armour
 t - a +0 scale mail (worn)
 L - a +0 pair of gloves (worn)
 O - a +0 pair of boots (worn)
Jewellery
 o - a +3 ring of evasion (left hand)
 r - an amulet of the gourmand (around neck)
 v - a +3 ring of protection {unknown}
 w - a +3 ring of dexterity (right hand)
 R - a cursed ring of teleportation {unknown}
Wands
 H - a wand of slowing (16/48)
 Q - a wand of polymorph (10/24)
 T - a wand of lightning (9/15)
Scrolls
 e - 10 scrolls of identify {unknown}
 h - 4 scrolls of recharging {unknown}
 j - 2 scrolls of amnesia {unknown}
 k - 2 scrolls of teleportation {unknown}
 q - 2 scrolls of fog {unknown}
 x - 2 scrolls of noise {unknown}
 z - a scroll of blinking {unknown}
 A - 3 scrolls of random uselessness {unknown}
 C - a scroll of remove curse {unknown}
 G - 2 scrolls of magic mapping {unknown}
 I - a scroll of enchant armour {unknown}
 N - a scroll of torment {unknown}
Potions
 d - 3 potions of degeneration {unknown}
 l - 3 potions of curing {unknown}
 m - a potion of resistance {unknown}
 n - 3 potions of lignification {unknown}
 B - a potion of brilliance {unknown}
 F - 3 potions of flight {unknown}
 J - a potion of agility {unknown}
 M - a potion of might {unknown}
 P - a potion of magic {unknown}
Books
 E - a book of Enchantments

   Spells                             Type                      Level
   a - Cause Fear                     Hexes                        4
   b - Yara's Violent Unravelling     Hexes/Transmutation          5
   c - Silence                        Hexes/Air                    5
   d - Deflect Missiles               Charms/Air                   6
   e - Haste                          Charms                       6
   f - Discord                        Hexes                        8
   Trog disapproves of the use of such an item.
Comestibles
 c - 9 bread rations
 f - 7 fruits
 p - 3 meat rations
 u - 2 beef jerkies
 K - 2 slices of pizza


   Skills:
 + Level 8.5 Fighting
 * Level 9.6(10.1) Axes
 - Level 4.4(7.6) Polearms
 + Level 2.9 Bows
 + Level 8.0 Armour
 + Level 6.9 Dodging


You had 8 spell levels left.
You didn't know any spells.

Dungeon Overview and Level Annotations

Branches:
Dungeon (9/15)             Temple (0/1) D:7
   Lair: D:8-11         Orc: D:9-12

Altars:
Ashenzari
Makhleb
Qazlal
Vehumet
Xom

Shops:
D:5 (


Innate Abilities, Weirdness & Mutations

You reflexively headbutt those who attack you in melee.
You have a pair of horns on your head.


Message History

You are too injured to fight recklessly!
You are too injured to fight recklessly!
You are too injured to fight recklessly!
You are too injured to fight recklessly!
A red film seems to cover your vision as you go berserk!
You feel yourself moving faster!
You feel mighty!
You feel quite a bit less full.
The orc warrior hits you with a halberd!
* * * LOW HITPOINT WARNING * * *
You hit the orc warrior but do no damage.
You slash the orc warrior!
The orc warrior is severely wounded.
The orc warrior hits you with a halberd!!
* * * LOW HITPOINT WARNING * * *
You hit the orc warrior. Your headbutt misses the orc warrior.
The orc warrior is almost dead.
You hit the orc warrior but do no damage.
The orc warrior is almost dead.
The orc warrior hits you with a halberd!
You die...

...............#
...............#....#
...............#....#
...............#....#
.####+#........#....# .
.# #........#....##.. .#
#........#........ .#
#........#.o...... .#
#........#@.......
.######.)....<.').......
.#...†'.)).....#######..
.#....#.)).....#
.'....#........#
.#....#........#
.#....#........#
##....#........#
#.....#........######


You could see an orc warrior.

Vanquished Creatures
  A two-headed ogre (D:9)
  Eustachio (D:6)
  2 hippogriffs
  Menkaure (D:4)
  3 orc warriors (D:7)
  4 centaurs
  2 ogres
  A phantom (D:5)
  Blork the orc (D:6)
  4 giant frogs
  A scorpion (D:6)
  4 killer bees (D:6)
  2 howler monkeys
  4 crimson imps
  2 hounds
  9 orc priests
  2 giant frog skeletons
  A centaur skeleton (D:7)
  Jessica (D:2)
  2 iguanas
  8 orc wizards
  7 worker ants
  A hound zombie (D:7)
  10 adders
  3 gnolls (D:3)
  An adder skeleton (D:4)
  An adder zombie (D:7)
  3 worms
  3 dart slugs
  4 giant geckos
  36 orcs
  A ball python (D:3)
  8 giant cockroaches
  4 goblins
  12 hobgoblins
  19 jackals
  7 kobolds
  4 quokkas
  4 bats (D:1)
  3 giant newts (D:1)
  5 rats
192 creatures vanquished.

Notes
Turn   | Place    | Note
--------------------------------------------------------------
     0 | D:1      | nikopol the Minotaur Berserker began the quest for the Orb.
     0 | D:1      | Reached XP level 1. HP: 19/19 MP: 0/0
    56 | D:1      | Reached XP level 2. HP: 22/27 MP: 1/1
   423 | D:1      | Reached XP level 3. HP: 31/33 MP: 2/2
   439 | D:1      | Reached ** piety under Trog
  1161 | D:2      | Noticed Jessica
  1170 | D:2      | Killed Jessica
  1170 | D:2      | Reached XP level 4. HP: 26/41 MP: 3/3
  1980 | D:3      | Reached XP level 5. HP: 47/47 MP: 4/4
  2006 | D:3      | Reached skill level 5 in Fighting
  2244 | D:3      | Reached *** piety under Trog
  2284 | D:3      | Found a shattered altar of Ashenzari.
  2362 | D:3      | Found a radiant altar of Vehumet.
  2374 | D:3      | Reached skill level 1 in Axes
  2601 | D:3      | Found a stormy altar of Qazlal.
  2601 | D:3      | Found a burning altar of Makhleb.
  2602 | D:3      | Found a shimmering altar of Xom.
  2754 | D:4      | Reached skill level 2 in Axes
  2754 | D:4      | Reached XP level 6. HP: 47/56 MP: 5/5
  2934 | D:4      | Reached skill level 3 in Axes
  2935 | D:4      | Noticed Menkaure
  2940 | D:4      | Killed Menkaure
  2940 | D:4      | Reached skill level 5 in Armour
  2940 | D:4      | Reached XP level 7. HP: 62/62 MP: 6/6
  2994 | D:4      | Reached skill level 4 in Axes
  3001 | D:4      | Reached **** piety under Trog
  3284 | D:5      | Entered Level 5 of the Dungeon
  3309 | D:5      | Found Min Meidil's Weapon Shop.
  3418 | D:5      | Reached skill level 5 in Axes
  3727 | D:5      | Reached XP level 8. HP: 69/70 MP: 7/7
  3998 | D:6      | Noticed Blork the orc
  4001 | D:6      | Reached skill level 5 in Dodging
  4005 | D:6      | Killed Blork the orc
  4005 | D:6      | Reached skill level 6 in Axes
  4107 | D:6      | Noticed Eustachio
  4144 | D:6      | Killed Eustachio
  4144 | D:6      | Reached skill level 7 in Axes
  4481 | D:6      | Reached ***** piety under Trog
  4570 | D:7      | Found a staircase to the Ecumenical Temple.
  4581 | D:7      | Reached skill level 8 in Axes
  4586 | D:7      | Reached XP level 9. HP: 43/79 MP: 8/8
  5011 | D:7      | Reached skill level 1 in Bows
  5725 | D:8      | Got a translucent ring mail
  5736 | D:8      | Identified the +0 ring mail of Vanity {rN++ Str-5 Dex+2 Stlth+} (You found it on level 8 of the Dungeon)
  6005 | D:8      | Reached skill level 9 in Axes
  6346 | D:9      | Received a gift from Trog
  6444 | D:9      | HP: 4/123 [orc warrior/halberd (18)]
  6446 | D:9      | Mangled by an orc warrior

Skill      XL: |  1  2  3  4  5  6  7  8  9 |
---------------+----------------------------+-----
Armour         | 3 4 5 7 8 |  8.0
Fighting       | 4 5 6 7 8 |  8.5
Polearms       | 4 |  4.4
Dodging        | 3 4 5 6 |  6.9
Axes           | 2 3 5 8 9 |  9.6
Bows           | 2 |  2.9

Action                   |  1- 3 |  4- 6 |  7- 9 || total
-------------------------+-------+-------+-------++-------
Melee: Spear             |    88 |    73 |       ||   161
       Headbutt          |    14 |    18 |    61 ||    93
       Hand axe          |       |    52 |   273 ||   325
 Fire: Shortbow          |       |       |    18 ||    18
Invok: Berserk           |       |     1 |     3 ||     4
 Stab: Distracted        |       |     1 |       ||     1
  Eat: Chunk             |     1 |    13 |    22 ||    36
Armor: Animal skin       |     5 |       |       ||     5
       Leather armour    |     2 |     9 |       ||    11
       Scale mail        |       |    18 |    56 ||    74
Dodge: Dodged            |    44 |    65 |   211 ||   320
